 Dungeon Crawl Stone Soup version 0.23.0 (webtiles) character file.

Game seed: 13669116384690315683

99047 Meow the Devastator (level 16, -1/131 HPs)
             Began as a Naga Venom Mage on Feb 17, 2019.
             Was the Champion of Okawaru.
             Killed from afar by a shock serpent (22 damage)
             ... with a bolt of electricity
             ... on level 1 of the Snake Pit.
             The game lasted 02:22:22 (25186 turns).

Meow the Devastator (Naga Venom Mage)              Turns: 25186, Time: 02:22:24

Health: -1/131     AC: 22    Str: 15    XL:     16   Next: 24%
Magic:  17/59      EV: 12    Int: 28    God:    Okawaru [******]
Gold:   1660       SH:  5    Dex: 17    Spells: 7/45 levels left

rFire    . . .     SeeInvis +   a - staff of power
rCold    + + .     Gourm    .   I - +0 buckler
rNeg     + . .     Faith    .   Z - +1 leather armour "Ravimm" {Regen+ MP+9} (curse)
rPois    +         Spirit   .   h - +2 helmet "Vushroffi" {rC+ MR+}
rElec    .         Reflect  .   f - +2 cloak of Baroeg {rCorr}
rCorr    +         Harm     .   e - +1 pair of gloves {Dex+3}
MR       +++..                  K - +0 naga barding {Stlth+}
Stlth    +++.......             q - amulet of magic regeneration
HPRegen  0.71/turn              Y - ring "Deta" {AC+3 Str+5 Int+4}
MPRegen  0.61/turn              E - ring "Omengun" {rC+ rN+ Int+3}

@: very slightly contaminated, very slow
A: large, see invisible, deformed body, frail 1, poison resistance, slowness 2,
slow metabolism 1, spit poison 1, constrict 1, AC +5
a: Spit Poison, Heroism, Finesse, Renounce Religion


You were on level 1 of the Snake Pit.
You worshipped Okawaru.
Okawaru was exalted by your worship.
You were not hungry.

You visited 5 branches of the dungeon, and saw 23 of its levels.
You also visited: Gauntlet, Ice Cave and Volcano.

You collected 2252 gold pieces.
You spent 592 gold pieces at shops.

Inventory:

Hand Weapons
 b - a +1 hunting sling of velocity
 c - the +5 flail of Cyemigor {pain, rC+ Dex+5}
   (You found it in a Gauntlet)

   In the hands of one skilled in necromantic magic, it inflicts extra damage on
   living creatures.
   It affects your dexterity (+5).
   It protects you from cold.
 B - the +0 arbalest of Tension {freeze, rC- MR+ Int+3 Dex+3}
   (You found it on level 10 of the Dungeon)

   It causes projectiles fired from it to freeze those they strike, causing
   extra injury to most foes and up to half again as much damage against
   particularly susceptible opponents.
   They can also slow down cold-blooded creatures.
   It affects your intelligence (+3).
   It affects your dexterity (+3).
   It makes you vulnerable to cold.
   It affects your resistance to hostile enchantments.
Missiles
 l - 178 bolts
 n - 571 stones (quivered)
 D - 458 arrows
 F - 4 throwing nets
Armour
 e - a +1 pair of gloves of dexterity (worn)
 f - the +2 cloak of Baroeg (worn) {rCorr}
   (You bought it in a shop on level 11 of the Dungeon)

   It provides partial protection from all sources of acid and corrosion.
 h - the +2 helmet "Vushroffi" (worn) {rC+ MR+}
   (You found it on level 5 of the Dungeon)

   It protects you from cold.
   It affects your resistance to hostile enchantments.
 I - a +0 buckler (worn)
 K - a +0 naga barding of stealth (worn)
 Z - the cursed +1 leather armour "Ravimm" (worn) {Regen+ MP+9}
   (You found it on level 12 of the Dungeon)

   It affects your magic capacity (+9).
   It increases your rate of regeneration.
   It has a curse placed upon it.
Magical Staves
 a - an uncursed staff of power (weapon)
Jewellery
 q - an amulet of magic regeneration (around neck)
 A - an uncursed ring of protection from cold
 E - the ring "Omengun" (right hand) {rC+ rN+ Int+3}
   (You found it in a Gauntlet)

   [ring of positive energy]

   It affects your intelligence (+3).
   It protects you from cold.
   It protects you from negative energy.
 L - an uncursed ring of flight
 U - an uncursed ring of fire
 X - an uncursed ring of stealth
 Y - the ring "Deta" (left hand) {AC+3 Str+5 Int+4}
   (You found it on level 10 of the Dungeon)

   [ring of protection]

   It affects your AC (+3).
   It affects your strength (+5).
   It affects your intelligence (+4).
Wands
 o - a wand of disintegration (52)
 y - a wand of iceblast (13)
 z - a wand of acid (14)
 T - a wand of digging (8)
Scrolls
 g - a scroll of silence
 i - 4 scrolls of immolation
 j - 3 scrolls of teleportation
 k - 4 scrolls of magic mapping
 p - 6 scrolls of enchant weapon
 w - a scroll of blinking
 J - 3 scrolls of remove curse
 M - a scroll of amnesia
 Q - a scroll of fear
 R - 13 scrolls of identify
 S - 5 scrolls of enchant armour
 V - a scroll of acquirement {unknown}
Potions
 m - a potion of heal wounds
 r - 3 potions of flight
 s - 3 potions of curing
 t - a potion of ambrosia
 u - 4 potions of might
 v - 4 potions of agility
 x - 5 potions of mutation
 C - 3 potions of brilliance
 H - a potion of cancellation
 W - a potion of berserk rage
Miscellaneous
 d - a crystal ball of energy
 N - a phial of floods
 O - 2 boxes of beasts
 P - a lamp of fire
Comestibles
 G - 39 rations


   Skills:
 + Level 10.3 Fighting
 - Level 8.0 Dodging
 - Level 3.0 Stealth
 - Level 3.1 Shields
 - Level 15.0 Spellcasting
 + Level 17.0 Conjurations
 - Level 8.0 Poison Magic


You had 7 spell levels left.
You knew the following spells:

 Your Spells              Type           Power        Failure   Level  Hunger
a - Sting                 Conj/Pois      ####         1%          1    None
c - Mephitic Cloud        Conj/Pois/Air  ######..     1%          3    None
e - Ozocubu's Armour      Chrm/Ice       ###.....     9%          3    None
f - Venom Bolt            Conj/Pois      ######....   1%          5    None
g - Bolt of Magma         Conj/Fire/Erth ######....   8%          5    None
r - Regeneration          Chrm/Necr      ###.......   9%          3    None
t - Sticky Flame          Conj/Fire      ######..     1%          4    None
A - Throw Icicle          Conj/Ice       ######..     1%          4    None
C - Conjure Flame         Conj/Fire      ######..     1%          3    None
G - Orb of Destruction    Conj           #######...   2%          7    #####..

Your spell library contained the following spells:

 Spells                   Type           Power        Failure   Level  Hunger
 Flame Tongue             Conj/Fire      #####        1%          1    None
 Poisonous Vapours        Pois/Air       #####.       1%          2    None
 Throw Flame              Conj/Fire      ######       1%          2    None
 Throw Frost              Conj/Ice       ######       1%          2    None
 Force Lance              Conj/Tloc      ######..     1%          4    None
 Olgreb's Toxic Radiance  Pois           ######..     1%          4    None
 Fireball                 Conj/Fire      ######....   2%          5    None
 Iskenderun's Battlesphe  Conj/Chrm      ######..     2%          5    None
 Animate Skeleton         Necr           N/A          3%          1    None
 Apportation              Tloc           ###...       3%          1    None
 Confusing Touch          Hex            ###...       3%          1    None
 Corona                   Hex            ###....      3%          1    None
 Freeze                   Ice            ###.         3%          1    None
 Infusion                 Chrm           ###.         3%          1    None
 Pain                     Necr           ###.         3%          1    None
 Sandblast                Erth           ###...       3%          1    None
 Summon Small Mammal      Summ           ###.         3%          1    None
 Ensorcelled Hibernation  Hex/Ice        ###...       4%          2    None
 Shroud of Golubria       Chrm/Tloc      ###.......   4%          2    None
 Slow                     Hex            ###.....     4%          2    None
 Song of Slaying          Chrm           ###.....     4%          2    None
 Call Canine Familiar     Summ           ###.....     9%          3    None
 Gell's Gravitas          Tloc           ###.......   9%          3    None
 Inner Flame              Hex/Fire       ###.....     9%          3    None
 Lesser Beckoning         Tloc           ###.......   9%          3    None
 Portal Projectile        Hex/Tloc       ###...       9%          3    None
 Spectral Weapon          Hex/Chrm       ###.....     9%          3    None
 Vampiric Draining        Necr           ###.......   9%          3    None
 Conjure Ball Lightning   Conj/Air       ######....   14%         6    ####...
 Iron Shot                Conj/Erth      ######....   14%         6    ####...
 Animate Dead             Necr           N/A          28%         4    None
 Cause Fear               Hex            ###.......   28%         4    None
 Ice Form                 Ice/Tmut       ###.....     28%         4    None
 Leda's Liquefaction      Hex/Erth       ###.......   28%         4    None
 Passage of Golubria      Tloc           N/A          28%         4    None
 Petrify                  Tmut/Erth      ###.....     28%         4    None
 Summon Ice Beast         Ice/Summ       ###.....     28%         4    None
 Summon Lightning Spire   Summ/Air       ###.....     28%         4    None
 Spellforged Servitor     Conj/Summ      ######....   58%         7    #####..
 Borgnjor's Vile Clutch   Necr/Erth      ###.......   63%         5    None
 Silence                  Hex/Air        ###.......   63%         5    None
 Summon Forest            Summ/Tloc      ###.......   63%         5    None
 Darkness                 Hex            ###.......   99%         6    ####...
 Deflect Missiles         Chrm/Air       ###.......   99%         6    ####...
 Dispersal                Tloc           ###.......   99%         6    ####...
 Ozocubu's Refrigeration  Ice            ###.......   99%         6    ####...
 Shadow Creatures         Summ           N/A          99%         6    ####...
 Summon Hydra             Summ           ###.......   100%        7    #####..
 Controlled Blink         Tloc           N/A          100%        8    #######
 Disjunction              Tloc           ###.......   100%        8    #######
 Tornado                  Air            ###.......   100%        9    #######


Dungeon Overview and Level Annotations

Branches:
Dungeon (14/15)            Temple (0/1) D:6            Lair (5/6) D:11
  Swamp (1/4) Lair:3        Snake (1/4) Lair:3          Orc (2/2) D:11
    Elf (0/3) Orc:2
  Slime: Lair:5-6    Vaults: D:13-14

Altars:
Cheibriados
Elyvilon
Fedhas
Gozag
Hepliaklqana
Nemelex Xobeh
Okawaru
Qazlal
Ru
Trog
Wu Jian
Zin
The Shining One
Beogh

Shops:
D:6 *   D:9 !   D:11 %[%[*   Orc:1 [   Orc:2 *([   Snake:1 (

Portals:
Trove: D:12 (give 15 scrolls of teleportation)

Annotations:
D:10 2 runed translucent doors
D:13 3 runed translucent doors, Gridlocked's ghost, journeyman MiBe
Lair:4 1 transporter, Xyudeake's ghost, journeyman DEFE


Innate Abilities, Weirdness & Mutations

You cannot wear boots.
Your serpentine skin is tough. (AC +5)
You have supernaturally acute eyesight. (SInv)
Armour fits poorly on your strangely shaped body.
Your system is resistant to poisons. (rPois)
You cover ground very slowly.
You have a slow metabolism.
You can spit poison.
You can use your snake-like lower body to constrict enemies.
You are frail. (-10% HP)


Message History

The shock serpent bites you but does no damage.
Casting: Bolt of Magma (safe; 8% risk of failure)
Confirm with . or Enter, or press ? or * to list all spells.
Aiming: Bolt of Magma (safe; 8% risk of failure)
Press: ? - help, Shift-Dir - straight line, f/p - shock serpent
Aim: a shock serpent (almost dead)
The bolt of magma misses the shock serpent.
The shock serpent shoots out a bolt of lightning at you!
The bolt of electricity hits you!!
* * * LOW HITPOINT WARNING * * *
The bolt of electricity hits you!
* * * LOW HITPOINT WARNING * * *
The bolt of electricity misses the shock serpent.
You feel much better.
The shock serpent bites you but does no damage.
The shock serpent shoots out a bolt of lightning at you!
The bolt of electricity hits you!!
* * * LOW HITPOINT WARNING * * *
The bolt of electricity hits you!!
You die...

##. .... #####
..##.. ###....
##..... ##......
##.....# #.......
#......# ##....###
#...)# #....## #
#..)##### #...##
##...)..###...#
#@##.#...#...#
#...S###.#.#.....#
# #....
#.#.#....## #
#.... ..#.#....#
## #....
.###....## #.
###.. .# ###### #.
### . #. #. #.


You could see a shock serpent.

Vanquished Creatures
  A storm dragon (D:13)
  Kirke (Lair:4)
  Gastronok (Lair:2)
  Roxanne (Snake:1)
  An orc warlord (Orc:2)
  2 entropy weavers (Lair:4)
  A white draconian (IceCv)
  A minotaur (Gauntlet)
  A dire elephant (Lair:1)
  Josephine (Lair:4)
  Fannar (Lair:2)
  2 hydras
  2 vault guards (D:14)
  An ice dragon (Lair:4)
  3 centaur warriors
  Erica (Lair:1)
  2 anacondas (Snake:1)
  2 catoblepae
  3 two-headed ogres
  3 death yaks (IceCv)
  A queen ant (Lair:4)
  2 orc high priests (Orc:2)
  A hell hog (Gauntlet)
  Urug (Lair:4)
  Sonja (Lair:5)
  Nergalle (Lair:2)
  3 unseen horrors
  2 deep elf archers
  4 orc knights
  A lindwurm (Lair:1)
  2 oklob plants
  4 orc sorcerers
  A shining eye (shapeshifter) (D:13)
  3 mana vipers (Snake:1)
  3 manticores
  3 cyclopes
  7 ugly things
  3 salamanders
  Maurice (D:10)
  3 naga magi (Snake:1)
  10 black mambas
  An ice statue (IceCv)
  5 spiny frogs
  2 gargoyles
  3 kobold demonologists
  A freezing wraith (D:13)
  3 komodo dragons
  4 rime drakes
  2 tengu conjurers
  A queen bee (Lair:2)
  4 trolls
  20 polar bears
  A meliai (shapeshifter) (D:13)
  3 hornets
  10 blink frogs
  A dream sheep (Lair:1)
  11 hippogriffs
  A bog body (Lair:3)
  A shadow (Swamp:1)
  Sigmund (D:2)
  5 wraiths
  5 wyverns
  4 hogs (Lair:4)
  4 basilisks
  6 hungry ghosts
  69 yaks
  A human (D:14)
  7 fire bats
  4 wargs
  3 nagas (Snake:1)
  3 swamp worms (Lair:3)
  12 soldier ants
  4 acid dragons
  16 water moccasins
  9 porcupines
  37 orc warriors
  An eye of draining (D:13)
  3 hell hounds
  A hornet zombie (D:13)
  4 phantoms
  14 ogres
  3 sky beasts
  3 necrophages (D:8)
  17 wolves
  13 centaurs
  3 crocodiles
  4 big kobolds
  12 bullfrogs
  2 wyvern zombies
  2 wyvern skeletons
  8 scorpions
  14 wights
  30 killer bees
  2 electric eels
  3 howler monkeys
  5 crimson imps
  3 bullfrog zombies
  4 quasits
  2 centaur zombies
  10 hounds
  5 centaur skeletons
  14 jellies
  4 bullfrog skeletons
  29 orc priests
  5 iguanas
  20 orc wizards
  29 worker ants
  3 hound skeletons
  Robin (D:4)
  2 worker ant zombies (D:8)
  12 adders
  7 gnolls
  2 shadow imps (D:6)
  16 oozes
  An adder skeleton (D:6)
  2 worms (D:2)
  A dart slug (D:1)
  6 leopard geckos
  123 orcs
  15 bats
  4 giant cockroaches
  16 goblins
  12 hobgoblins
  8 jackals
  12 kobolds
  8 quokkas
  A ball python skeleton (D:5)
  6 frilled lizards
  7 rats
  A fungus (Lair:5)
887 creatures vanquished.

Vanquished Creatures (collateral kills)
  A soldier ant (Lair:4)
  3 killer bees (Lair:2)
4 creatures vanquished.

Vanquished Creatures (others)
  A human (Lair:4)
  A wolf (IceCv)
  2 killer bees (Lair:2)
  5 fungi
  2 plants (Lair:2)
  5 toadstools (Lair:1)
16 creatures vanquished.

Grand Total: 907 creatures vanquished

Notes
Turn   | Place    | Note
-------+----------+-------------------------------------------
     0 | D:1      | Meow the Naga Venom Mage began the quest for the Orb.
     0 | D:1      | Reached XP level 1. HP: 15/15 MP: 3/3
   309 | D:1      | Reached XP level 2. HP: 22/22 MP: 3/5
   799 | D:1      | Reached XP level 3. HP: 28/28 MP: 6/6
   803 | D:1      | Learned a level 2 spell: Poisonous Vapours
   807 | D:1      | Learned a level 3 spell: Mephitic Cloud
  1073 | D:1      | Reached skill level 2 in Conjurations
  1627 | D:2      | Reached XP level 4. HP: 30/36 MP: 5/8
  1888 | D:2      | Reached skill level 5 in Poison Magic
  2321 | D:2      | Noticed Sigmund
  2341 | D:2      | Killed Sigmund
  2341 | D:2      | Reached skill level 3 in Conjurations
  2341 | D:2      | Reached XP level 5. HP: 42/42 MP: 2/10
  2341 | D:2      | Reached XP level 6. HP: 49/49 MP: 2/11
  2997 | D:3      | Found a bloodstained altar of Trog.
  3365 | D:4      | Reached skill level 4 in Conjurations
  3365 | D:4      | Reached XP level 7. HP: 44/55 MP: 0/13
  3685 | D:4      | Noticed Robin
  3785 | D:4      | Found an opulent altar of Gozag.
  3956 | D:4      | Found a hazy altar of Hepliaklqana.
  4086 | D:4      | Found an iron altar of Okawaru.
  4094 | D:4      | Became a worshipper of Warmaster Okawaru
  4484 | D:4      | Killed Robin
  4666 | D:4      | Reached skill level 5 in Conjurations
  4666 | D:4      | Reached XP level 8. HP: 57/62 MP: 15/15
  4715 | D:5      | Entered Level 5 of the Dungeon
  4752 | D:5      | Reached skill level 5 in Spellcasting
  4831 | D:5      | Learned a level 5 spell: Venom Bolt
  4871 | D:5      | Reached * piety under Okawaru
  4949 | D:5      | Got a distressingly furry helmet
  4960 | D:5      | Identified the +2 helmet "Vushroffi" {rC+ MR+} (You found
                  | it on level 5 of the Dungeon)
  5418 | D:6      | Reached skill level 6 in Conjurations
  5498 | D:6      | Found a staircase to the Ecumenical Temple.
  5558 | D:6      | Found Dunum's General Store.
  5575 | D:6      | Bought a scroll of identify for 22 gold pieces
  5575 | D:6      | Bought a scroll of magic mapping for 38 gold pieces
  5575 | D:6      | Bought a scroll of identify for 22 gold pieces
  5575 | D:6      | Bought a scroll of magic mapping for 38 gold pieces
  5669 | D:6      | Reached ** piety under Okawaru
  5683 | D:6      | Reached XP level 9. HP: 68/68 MP: 18/18
  5695 | D:6      | Reached skill level 7 in Conjurations
  5703 | D:6      | Found a sacrificial altar of Ru.
  5731 | D:6      | Found a sparkling altar of Nemelex Xobeh.
  5735 | D:6      | Found an ornate altar of the Wu Jian Council.
  5736 | D:6      | Found a glowing silver altar of Zin.
  5736 | D:6      | Found a stormy altar of Qazlal.
  5736 | D:6      | Found a white marble altar of Elyvilon.
  5741 | D:6      | Found a snail-covered altar of Cheibriados.
  5902 | D:6      | Found a glowing golden altar of the Shining One.
  6451 | D:7      | Reached skill level 8 in Conjurations
  6776 | D:7      | Learned a level 4 spell: Sticky Flame
  6779 | D:7      | Learned a level 2 spell: Throw Flame
  6783 | D:7      | Learned a level 3 spell: Conjure Flame
  6940 | D:7      | Reached *** piety under Okawaru
  6940 | D:7      | Reached skill level 1 in Shields
  7333 | D:8      | Noticed an unseen horror
  7340 | D:8      | Killed an unseen horror
  7340 | D:8      | Reached XP level 10. HP: 73/75 MP: 22/22
  7348 | D:8      | Reached skill level 9 in Conjurations
  7453 | D:8      | Learned a level 4 spell: Throw Icicle
  7493 | D:8      | Reached skill level 10 in Conjurations
  7565 | D:8      | Noticed a two-headed ogre
  7583 | D:8      | Killed a two-headed ogre
  7583 | D:8      | Reached skill level 1 in Fighting
  7813 | D:8      | Reached **** piety under Okawaru
  7935 | D:8      | Got a faintly glowing flail
  7936 | D:8      | Identified the +1 flail of Husyow {crush, +Blink} (You
                  | found it on level 8 of the Dungeon)
  8896 | D:9      | Found Rynkaats's Distillery.
  8954 | D:9      | Noticed an oklob plant
  8954 | D:9      | You fall through a shaft!
  8954 | D:10     | Entered Level 10 of the Dungeon
  9054 | D:10     | Reached XP level 11. HP: 47/90 MP: 0/24
  9211 | D:10     | Learned a level 3 spell: Ozocubu's Armour
  9253 | D:10     | Noticed Maurice
  9258 | D:10     | Killed Maurice
  9258 | D:10     | Reached skill level 11 in Conjurations
  9336 | D:10     | Found Wiasybit's Assorted Antiques.
  9391 | D:10     | Found a large runed translucent door.
  9391 | D:10     | Found a large runed translucent door.
  9434 | D:10     | Got an ichor-stained arbalest
  9440 | D:10     | Identified the cursed +0 arbalest of Tension {freeze, rC-
                  | MR+ Int+3 Dex+3} (You found it on level 10 of the Dungeon)
  9461 | D:10     | Found a large runed translucent door.
  9461 | D:10     | Found a large runed translucent door.
  9479 | D:10     | Reached ***** piety under Okawaru
  9541 | D:10     | Reached skill level 5 in Fighting
  9805 | D:10     | Noticed a centaur warrior
  9817 | D:10     | Killed a centaur warrior
  9838 | D:10     | Identified Sif Muna's Guide on the Voyage
 10423 | D:10     | Got a faintly glowing gossamer ring
 10425 | D:10     | Identified the ring "Deta" {AC+3 Str+5 Int+4} (You found it
                  | on level 10 of the Dungeon)
 10476 | D:11     | Found Goklo's Antique Armour Boutique.
 10483 | D:11     | Bought a warped cloak for 237 gold pieces
 10493 | D:11     | Received a gift from Okawaru
 10511 | D:11     | Identified the +2 cloak of Baroeg {rCorr} (You bought it in
                  | a shop on level 11 of the Dungeon)
 10512 | D:11     | Found Kumin's Food Boutique.
 10586 | D:11     | Reached skill level 10 in Spellcasting
 10594 | D:11     | Noticed a cyclops
 10625 | D:11     | Killed a cyclops
 10691 | D:11     | Reached skill level 12 in Conjurations
 10767 | D:11     | Found Jacyo's General Store.
 10777 | D:11     | Bought a potion of heal wounds for 60 gold pieces
 10798 | D:11     | Reached XP level 12. HP: 108/108 MP: 2/26
 10991 | D:6      | Bought a scroll of remove curse for 33 gold pieces
 11228 | D:9      | Found a blossoming altar of Fedhas.
 12027 | D:11     | Found Wugg's Armour Boutique.
 12106 | D:11     | Found a staircase to the Lair.
 12165 | D:11     | Found a staircase to the Orcish Mines.
 12468 | D:11     | Found Gul Vuk's Food Shoppe.
 12679 | Lair:1   | Entered Level 1 of the Lair of Beasts
 12879 | Lair:1   | Received a gift from Okawaru
 12933 | Lair:1   | Learned a level 3 spell: Regeneration
 13025 | Lair:1   | Noticed Erica
 13069 | Lair:1   | Killed Erica
 13149 | Lair:1   | Received a gift from Okawaru
 13178 | Lair:1   | Noticed a dire elephant
 13200 | Lair:1   | Found a runed translucent door.
 13340 | Lair:1   | Noticed a seven-headed hydra
 13350 | Lair:1   | Killed a seven-headed hydra
 13350 | Lair:1   | Reached ****** piety under Okawaru
 13647 | Lair:2   | Noticed Gastronok
 13647 | Lair:2   | Noticed Nergalle
 13680 | Orc:1    | Entered Level 1 of the Orcish Mines
 13680 | Orc:1    | Found Acoc's Antique Armour Shoppe.
 13680 | Orc:1    | Noticed an orc warlord
 13880 | Lair:2   | Killed Nergalle
 13932 | Lair:2   | Killed Gastronok
 13932 | Lair:2   | Reached skill level 5 in Dodging
 13932 | Lair:2   | Reached skill level 13 in Conjurations
 13932 | Lair:2   | Gained mutation: You can use your snake-like lower body to
                  | constrict enemies. [Naga growth]
 13932 | Lair:2   | Reached XP level 13. HP: 116/116 MP: 24/28
 14092 | Lair:2   | Received a gift from Okawaru
 14308 | Lair:2   | Noticed Fannar
 14812 | Lair:3   | Found a gate leading to a gauntlet.
 14821 | Gauntlet | Entered a Gauntlet
 14821 | Gauntlet | Found a transporter.
 14827 | Gauntlet | Found a transporter.
 14829 | Gauntlet | Found a transporter.
 14837 | Gauntlet | Found a transporter.
 14866 | Gauntlet | Got a dazzling flail
 14874 | Gauntlet | Found a transporter.
 14894 | Gauntlet | Found a transporter.
 14894 | Gauntlet | Found a transporter.
 14895 | Gauntlet | Found a runed translucent door.
 14908 | Gauntlet | Found a runed translucent door.
 14918 | Gauntlet | Found a transporter.
 14963 | Gauntlet | Identified the +5 flail of Cyemigor {pain, rC+ Dex+5} (You
                  | found it in a Gauntlet)
 14990 | Gauntlet | Got a heavily runed golden ring
 14993 | Gauntlet | Found a runed translucent door.
 15026 | Gauntlet | Noticed a minotaur
 15037 | Gauntlet | Killed a minotaur
 15048 | Gauntlet | Identified the Grimoire of Clay and Calling
 15067 | Lair:3   | Found a dark tunnel.
 15073 | Volcano  | Entered a volcano
 15295 | Lair:3   | Received a gift from Okawaru
 15300 | Lair:3   | Got a brightly glowing scale mail {god gift}
 15311 | Lair:3   | Identified the +4 scale mail of Refuge {rPois rF+ rCorr}
                  | (Okawaru gifted it to you on level 3 of the Lair of Beasts)
 15372 | Lair:3   | Found a staircase to the Swamp.
 15676 | Lair:3   | Found a staircase to the Snake Pit.
 15872 | Lair:4   | Identified the ring "Omengun" {rC+ rN+ Int+3} (You found it
                  | in a Gauntlet)
 15898 | Lair:4   | Found a frozen archway.
 15902 | Lair:4   | Reached skill level 14 in Conjurations
 15906 | Lair:4   | Noticed an ice dragon
 16079 | Lair:4   | Learned a level 5 spell: Bolt of Magma
 16085 | Lair:4   | Killed an ice dragon
 16147 | IceCv    | Entered an ice cave
 16224 | IceCv    | Reached XP level 14. HP: 116/126 MP: 13/30
 16660 | IceCv    | Noticed a white draconian
 16671 | IceCv    | Killed a white draconian
 16735 | IceCv    | Received a gift from Okawaru
 16747 | IceCv    | Got a dazzling dagger {god gift}
 16748 | IceCv    | Identified the +1 dagger "Jeutaani" {speed, *Noise rN+++
                  | Str-4} (Okawaru gifted it to you in an ice cave)
 16763 | IceCv    | Identified the Papyrus of Ice
 17182 | Lair:4   | Learned a level 7 spell: Orb of Destruction
 17231 | Lair:4   | Found a transporter.
 17254 | Lair:4   | Noticed Urug
 17261 | Lair:4   | Killed Urug
 17406 | Lair:4   | Noticed Kirke
 17411 | Lair:4   | Found a transporter.
 17412 | Lair:4   | Noticed Xyudeake's ghost (journeyman DEFE)
 17488 | Lair:4   | Noticed an entropy weaver
 17497 | Lair:4   | Killed an entropy weaver
 17508 | Lair:4   | Noticed Josephine
 17517 | Lair:4   | Killed Josephine
 17549 | Lair:3   | Reached skill level 15 in Conjurations
 17690 | Lair:4   | Noticed an entropy weaver
 17694 | Lair:4   | Killed an entropy weaver
 17789 | Lair:4   | Killed Kirke
 17789 | Lair:4   | Received a gift from Okawaru
 18497 | Lair:5   | Noticed Sonja
 18507 | Lair:5   | Killed Sonja
 19249 | Orc:1    | Reached XP level 15. HP: 106/132 MP: 32/32
 19887 | Orc:2    | Entered Level 2 of the Orcish Mines
 19895 | Orc:2    | Found a staircase to the Elven Halls.
 19959 | Orc:2    | Found a roughly hewn altar of Beogh.
 20186 | Orc:2    | Found a roughly hewn altar of Beogh.
 20196 | Orc:2    | Received a gift from Okawaru
 20205 | Orc:2    | Found Plog's Antique Armour Shoppe.
 20212 | Orc:2    | Bought a thick robe for 142 gold pieces
 20222 | Orc:2    | Identified the +4 robe of Nobility {rElec rPois Int-4} (You
                  | bought it in a shop on level 2 of the Orcish Mines)
 20384 | Orc:2    | Noticed an orc warlord
 20400 | Orc:2    | Killed an orc warlord
 20400 | Orc:2    | Reached skill level 16 in Conjurations
 20498 | Orc:2    | Found Recaut's Antique Armour Shop.
 20499 | Orc:2    | Found a roughly hewn altar of Beogh.
 20502 | Orc:2    | Found Samimam's Antique Weapon Boutique.
 20543 | Orc:2    | Found a roughly hewn altar of Beogh.
 20581 | Orc:2    | Found a roughly hewn altar of Beogh.
 20724 | Orc:2    | Found a roughly hewn altar of Beogh.
 20942 | Orc:2    | Found a roughly hewn altar of Beogh.
 21067 | Orc:2    | Found Wimoit's General Store.
 21458 | Swamp:1  | Entered Level 1 of the Swamp
 21521 | Snake:1  | Entered Level 1 of the Snake Pit
 21521 | Snake:1  | Identified Roxanne's Grimoire of Earth
 21521 | Snake:1  | Noticed Roxanne
 21531 | Snake:1  | Killed Roxanne
 22106 | Lair:2   | Killed Fannar
 22675 | D:12     | Got an ichor-stained leather armour
 22686 | D:12     | Identified the cursed +1 leather armour "Ravimm" {Regen+
                  | MP+9} (You found it on level 12 of the Dungeon)
 22886 | D:12     | Found a portal to a secret trove of treasure.
 23247 | D:13     | Found a runed translucent gate.
 23247 | D:13     | Found a runed translucent gate.
 23247 | D:13     | Found a runed translucent gate.
 23252 | D:13     | Noticed Gridlocked's ghost (journeyman MiBe)
 23503 | D:13     | Received a gift from Okawaru
 23680 | D:13     | Noticed a storm dragon
 23688 | D:13     | Killed a storm dragon
 24143 | D:13     | Gained mutation: You are frail. (-10% HP) [a shining eye]
 24191 | D:14     | Received a gift from Okawaru
 24334 | D:14     | Reached XP level 16. HP: 131/131 MP: 34/34
 24549 | D:14     | Reached skill level 10 in Fighting
 24756 | D:12     | Reached skill level 15 in Spellcasting
 24916 | Snake:1  | Found Jybb's Antique Weapon Shop.
 25120 | Snake:1  | Reached skill level 17 in Conjurations
 25186 | Snake:1  | Killed from afar by a shock serpent

Skill      XL: |  1  2  3  4  5  6  7  8  9 10 11 12 13 14 15 16 |
---------------+-------------------------------------------------+-----
Conjurations   | 2 3 4 5 6 8 10 12 13 14 15 16 17 | 17.0
Poison Magic   | 6 7 8 |  8.0
Spellcasting   | 3 4 6 8 9 10 11 12 13 14 15 | 15.0
Shields        | 3 |  3.1
Fighting       | 3 7 8 9 10 | 10.3
Dodging        | 5 7 8 |  8.0
Stealth        | |  3.0

Action                   |  1- 3 |  4- 6 |  7- 9 | 10-12 | 13-15 | 16-18 || total
-------------------------+-------+-------+-------+-------+-------+-------++-------
Melee: Dagger            |    10 |    12 |    73 |    28 |       |       ||   123
       Spear             |       |       |    93 |   101 |     7 |       ||   201
       Staff             |       |       |     5 |   127 |   522 |    42 ||   696
       Short sword       |       |       |       |     8 |     6 |       ||    14
       Constrict         |       |       |       |       |   167 |     7 ||   174
       Flail             |       |       |       |       |    86 |       ||    86
 Fire: Hunting sling     |       |       |    27 |    14 |    24 |       ||    65
       Arbalest          |       |       |       |   109 |       |       ||   109
Throw: Stone             |     9 |     9 |    16 |    17 |    13 |       ||    64
 Cast: Sting             |    39 |    67 |    60 |     2 |     1 |       ||   169
       Mephitic Cloud    |       |     6 |     9 |    24 |    44 |     3 ||    86
       Poisonous Vapours |       |       |    81 |    24 |       |       ||   105
       Venom Bolt        |       |       |    30 |   106 |   248 |    14 ||   398
       Sticky Flame      |       |       |     1 |    65 |    49 |       ||   115
       Throw Flame       |       |       |       |    63 |       |       ||    63
       Throw Icicle      |       |       |       |    75 |    33 |     4 ||   112
       Ozocubu's Armour  |       |       |       |     2 |    11 |       ||    13
       Conjure Flame     |       |       |       |     1 |       |       ||     1
       Regeneration      |       |       |       |     3 |    22 |       ||    25
       Bolt of Magma     |       |       |       |       |    22 |    10 ||    32
       Orb of Destructio |       |       |       |       |    88 |    13 ||   101
 Abil: Spit Poison       |    36 |    37 |    55 |    24 |    30 |     1 ||   183
Evoke: Lamp of fire      |       |       |       |     1 |     1 |       ||     2
       Wand              |       |       |       |       |     9 |       ||     9
  Use: Scroll            |     1 |     2 |    11 |    17 |    10 |       ||    41
       Potion            |       |       |     1 |       |    11 |     2 ||    14
 Stab: Confused          |       |     1 |       |     3 |    11 |       ||    15
       Sleeping          |       |       |       |       |     3 |       ||     3
  Eat: Chunk             |     4 |     6 |    25 |    41 |    47 |     5 ||   128
       Ration            |       |       |       |     5 |     8 |     1 ||    14
Armor: Robe              |     9 |     3 |    78 |   117 |       |       ||   207
       Troll leather arm |       |       |       |   181 |   345 |       ||   526
       Skin              |       |       |       |       |    54 |       ||    54
       Leather armour    |       |       |       |       |    65 |    26 ||    91
Dodge: Dodged            |    26 |    10 |   104 |   285 |   687 |    40 ||  1152
Block: Buckler           |       |       |       |    43 |   269 |    20 ||   332
